 Dungeon Crawl Stone Soup version 0.16-a0-2558-g6680ffd (webtiles) character file.

105 MackTheKnife the Bolt Thrower (level 4, -1/35 HPs)
             Began as a Centaur Arcane Marksman on Nov 20, 2014.
             Shot with a stone by a goblin (4 damage)
             ... on level 3 of the Dungeon.
             The game lasted 00:08:02 (3716 turns).

MackTheKnife the Bolt Thrower (CeAM)                Turns: 3716, Time: 00:08:02

Health: -1/35      AC:  5    Str: 14    XL:     4   Next: 54%
Magic:  2/4        EV:  9    Int: 12    God:
Gold:   205        SH:  0    Dex:  9    Spells: 1 memorised, 4 levels left

rFire  . . .     SeeInvis .     b - +0 hand crossbow
rCold  . . .     Clarity  .     i - +0 leather armour
rNeg   . . .     SustAb   .     (no shield)
rPois  .         Gourm    .     (no helmet)
rElec  .         Spirit   .     g - +0 cloak
rCorr  .         Warding  .     (no gloves)
rMut   .         Stasis   .     (no barding)
MR     .....                    (no amulet)
Stlth  ..........               (no ring)
                                (no ring)

@: very quick, not resistant to hostile enchantments, extremely unstealthy
A: hooves 3, deformed body, speed 2, tough skin 3
a: no special abilities


You were on level 3 of the Dungeon.
You were hungry.

You visited 1 branch of the dungeon, and saw 4 of its levels.

You collected 205 gold pieces.

Inventory:

Hand weapons
 a - a +1 short sword of protection
 b - a +0 hand crossbow (weapon)
Missiles
 c - 6 bolts (quivered)
Armour
 g - a +0 cloak (worn)
 i - a +0 leather armour (worn)
Magical devices
 q - a wand of flame (32)
 r - a wand of polymorph (9)
Scrolls
 e - a scroll of teleportation
 h - a scroll of identify
 m - 2 scrolls of magic mapping {unknown}
 n - a scroll of recharging {unknown}
Potions
 o - a potion of poison {unknown}
 p - a potion of cure mutation {unknown}
Books
 d - a book of Debilitation

   Spells                             Type                      Level
   *Corona                            Hexes                        1
   Slow                               Hexes                        2
   Inner Flame                        Hexes/Fire                   3
   Enslavement                        Hexes                        4
   Cause Fear                         Hexes                        4
   Leda's Liquefaction                Hexes/Earth                  4
Comestibles
 f - 3 bread rations
 j - 2 chunks of flesh
 k - a beef jerky
 l - 2 fruits


   Skills:
 - Level 1.0 Fighting
 + Level 5.3 Crossbows
 - Level 1.3 Dodging
 - Level 1.0 Spellcasting
 - Level 2.6 Hexes


You had 4 spell levels left.
You knew the following spells:

 Your Spells              Type           Power        Failure   Level  Hunger
a - Corona                Hex            #......      12%         1    ##.....


Dungeon Overview and Level Annotations

Branches:
Dungeon (4/15)
 Temple: D:4-7

Altars:
Dithmenos
Qazlal
Ru
Sif Muna
Vehumet
Xom
The Shining One

Annotations:
D:3 trelanon's ghost, average FoGl


Innate Abilities, Weirdness & Mutations

You have hooves in place of feet.
Armour fits poorly on your strangely shaped body.
You cover ground very quickly.
You have extremely tough skin (AC +3).


Message History

The hobgoblin shouts!
The jackal barks!
The jackal barks!
The jackal barks!
The jackal barks!
The goblin shouts!
A quokka and a giant cockroach come into view.
The giant cockroach moves out of view.
The goblin unwields an uncursed club.
The goblin wields a hunting sling.
The goblin shoots a stone.
The stone hits you.
* * * LOW HITPOINT WARNING * * *
The quokka bites you but does no damage.
Found 5 gold pieces and a bread ration.
Found a radiant altar of Vehumet.
There is a stone staircase leading down here.
You see here a stone.
The hobgoblin zaps a wand.
The puff of frost hits you!
* * * LOW HITPOINT WARNING * * *
It is a wand of frost.
The goblin shoots a stone.
The stone barely misses you.
The stone hits the jackal!
The jackal dies!
You feel sick.
You are no longer poisoned.
The goblin shoots a stone.
The stone hits you.
You die...

... #g#.##
#.#..##### #.#..##
#.##.....####.#...#
#..#####...##.#.#.##
#..## ###..#.#.#...
#...# ##...#.###.
#...# ###...#...
#..## #...#..g
####@.######
##.....#
#####.....h....#
#....##
#..g....r(.....#
#....#
#..##..>..hh...#
#....#
#.............%#
#......
#....#gs.......
........
#..............
###.####
#..#._.#....... #.#
#............ #.#


You could see a quokka, 3 jackals, a giant cockroach, a hobgoblin and a goblin.

Vanquished Creatures
  A worker ant (D:4)
  2 adders (D:2)
  2 worms
  An ooze (D:4)
  10 orcs
  2 bats
  5 giant cockroaches
  5 hobgoblins
  8 kobolds
  2 giant newts (D:3)
  3 goblins
  6 rats
47 creatures vanquished.

Vanquished Creatures (others)
  A jackal (D:3)
1 creature vanquished.

Grand Total: 48 creatures vanquished

Notes
Turn   | Place    | Note
--------------------------------------------------------------
     0 | D:1      | MackTheKnife, the Centaur Arcane Marksman, began the quest for the Orb.
     0 | D:1      | Reached XP level 1. HP: 16/16 MP: 2/2
   926 | D:2      | Found a glowing golden altar of the Shining One.
   940 | D:2      | Reached skill level 3 in Crossbows
   984 | D:2      | Reached XP level 2. HP: 23/23 MP: 3/3
  1098 | D:2      | Found a deep blue altar of Sif Muna.
  1262 | D:2      | Found a shimmering altar of Xom.
  2362 | D:2      | Reached skill level 4 in Crossbows
  2362 | D:2      | Reached XP level 3. HP: 17/28 MP: 4/4
  2554 | D:3      | Found a stormy altar of Qazlal.
  2740 | D:3      | Noticed trelanon's ghost (average FoGl)
  3084 | D:3      | Reached XP level 4. HP: 32/35 MP: 3/4
  3521 | D:4      | Found a sacrificial altar of Ru.
  3529 | D:4      | Reached skill level 5 in Crossbows
  3649 | D:4      | Found a shadowy altar of Dithmenos.
  3713 | D:3      | Found a radiant altar of Vehumet.
  3716 | D:3      | Shot with a stone by a goblin

Action                   |  1- 3 |  4- 6 || total
-------------------------+-------+-------++-------
Melee: Mace              |    24 |       ||    24
       Short sword       |    76 |    37 ||   113
 Fire: Hand crossbow     |    37 |    16 ||    53
 Cast: Corona            |    10 |     5 ||    15
  Use: Scroll            |     1 |     1 ||     2
       Potion            |     1 |       ||     1
  Eat: Royal jelly       |     1 |     1 ||     2
       Chunk             |     2 |       ||     2
       Fruit             |       |     1 ||     1
